 Dungeon Crawl Stone Soup version 0.28-a0-172-g787e458d71 (webtiles) character file.

Game seed: 1883222722314134997

423 Spaninq the Insei (level 6, -5/52 HPs)
             Began as a Draconian Transmuter on Aug 16, 2021.
             Was a Priest of Qazlal.
             Killed by divine providence
             ... invoked by an orc priest
              (16 damage)
             ... on level 5 of the Dungeon.
             The game lasted 00:10:58 (5036 turns).

Spaninq the Insei (Draconian Transmuter)            Turns: 5036, Time: 00:10:59

Health: -5/52      AC:  6    Str: 12    XL:     6   Next: 63%
Magic:  8/9        EV: 13    Int: 15    God:    Qazlal [***...]
Gold:   132        SH:  4    Dex: 12    Spells: 6/9 levels left

rFire   . . .      SeeInvis .     - Unarmed
rCold   . . .      Faith    .   (no shield)
rNeg    . . .      Spirit   .   (armour unavailable)
rPois   .          Reflect  .   (helmet restricted)
rElec   .          Harm     .   (no cloak)
rCorr   .          Rampage  .   (no gloves)
Will    .....                   (no boots)
Stlth   +.........              (no amulet)
HPRegen 0.17/turn               (no ring)
MPRegen 0.11/turn               (no ring)

@: wereblooded
A: AC +6, unfitting armour, cold-blooded
a: Renounce Religion, Upheaval, Elemental Force


You were on level 5 of the Dungeon.
You worshipped Qazlal.
Qazlal was most pleased with you.
You visited 1 branch of the dungeon, and saw 5 of its levels.

You collected 132 gold pieces.

Inventory:

Hand Weapons
 m - a +4 hunting sling of flaming
Armour
 r - a +2 buckler
Magical Staves
 e - a staff of conjuration
Wands
 n - a wand of iceblast (16)
Scrolls
 d - 2 scrolls of identify {unknown}
 f - 2 scrolls of teleportation {unknown}
 h - 2 scrolls of enchant armour {unknown}
 i - a scroll of immolation {unknown}
 j - a scroll of amnesia {unknown}
 k - 2 scrolls of vulnerability {unknown}
 o - a scroll of fear {unknown}
 s - a scroll of summoning {unknown}
Potions
 a - 4 potions of curing {unknown}
 b - 3 potions of degeneration {unknown}
 c - a potion of heal wounds {unknown}
 g - a potion of haste {unknown}
 l - a potion of berserk rage {unknown}
 p - a potion of attraction {unknown}
 t - a potion of brilliance {unknown}


   Skills:
 + Level 3.8 Fighting
 + Level 3.5 Dodging
 * Level 5.7 Unarmed Combat
 - Level 2.0 Spellcasting
 - Level 2.0 Transmutations


You had 6 spell levels left.
You knew the following spells:

 Your Spells              Type           Power      Damage    Failure   Level
a - Beastly Appendage     Tmut           14%        N/A       10%         1
b - Wereblood             Tmut           7%         N/A       14%         2

Your spell library contained the following spells:

 Spells                   Type           Power      Damage    Failure   Level
 Corpse Rot               Necr/Air       N/A        N/A       32%         2
 Spider Form              Tmut/Pois      2%         N/A       41%         3
 Ice Form                 Ice/Tmut       4%         N/A       82%         4
 Dispel Undead            Necr           1%         3d6       91%         4
 Summon Forest            Summ/Tloc      0%         N/A       99%         5
 Death Channel            Necr           0%         N/A       100%        6
 Eringya's Noxious Bog    Tmut/Pois      2%         N/A       100%        6
 Summon Hydra             Summ           0%         N/A       100%        7


Dungeon Overview and Level Annotations

Branches:
Dungeon (5/15)             Temple (0/1) D:5

Altars:
Elyvilon
Gozag
Qazlal
Uskayaw
The Shining One

Shops:
D:2 *   D:4 (


Innate Abilities, Weirdness & Mutations

Your plain brown scales are hard. (AC +6)
You cannot fit into any form of body armour.
You are cold-blooded and may be slowed by cold attacks.


Message History

Casting: Beastly Appendage (safe; 10% risk of failure)
Confirm with . or Enter, or press ? or * to list all spells.
Your blood is infused with primal strength.
The orc priest calls down the wrath of Beogh upon you.
Beogh smites you!
The necrophage is engulfed in freezing vapours.
The necrophage closely misses you. The orc closely misses you.
You hit the orc priest but do no damage.
You claw the orc priest.
You tail-slap the orc priest, but do no damage.
The orc priest is severely wounded.
The necrophage hits you but does no damage.
The orc priest hits you but does no damage.
The orc hits you with a +0 short sword.
You hit the orc priest but do no damage.
Your kick misses the orc priest.
Your tail-slap misses the orc priest.
The orc priest is severely wounded.
The orc priest invokes the aid of Beogh against you.
You barely resist.
The necrophage hits you but does no damage.
You hit the orc priest but do no damage.
You headbutt the orc priest.
The orc priest is almost dead.
Your horns disappear.
Your talons disappear.
The orc barely misses you. The necrophage barely misses you.
You block the orc's attack. The orc hits you but does no damage.
The orc priest invokes the aid of Beogh against you.
Beogh smites you!
The orc priest calls down the wrath of Beogh upon you.
Beogh smites you!
* * * LOW HITPOINT WARNING * * *
As you read the scroll labelled QOYNUK VYOJ HUI, it crumbles to dust.
It is a scroll of brand weapon.
Your +4 hunting sling is engulfed in flames!
m - a +4 hunting sling of flaming The orc barely misses you.
The necrophage barely misses you.
The orc priest calls down the wrath of Beogh upon you.
Beogh smites you!
You die...

#.##.....<........#.#..# #.
#...........#..#....#
..##..>.........##....#.
...##..............>.... .
................#....##.
##...##...........#....#..#
....###...........#..#.#...
..<..#..........#...##...#..
...........@....#........ ..
..........no..#...[...##.###
.........o.o..#......
......##......#.....#
......##.o..........#
....................#
..##.##.........#..
........##.# # ..#..###..#
.#


You could see a necrophage, an orc priest and 3 orcs.

Vanquished Creatures
  A phantom (D:4)
  A centaur zombie (D:5)
  2 jellies (D:4)
  Jessica (D:3)
  An iguana (D:5)
  Ijyb (D:4)
  Robin (D:3)
  7 adders
  An adder skeleton (D:4)
  A worm (D:4)
  A dart slug (D:1)
  3 orcs (D:3)
  6 ball pythons
  5 endoplasms
  3 giant cockroaches
  21 goblins
  9 hobgoblins
  3 jackals (D:4)
  13 kobolds
  4 bats
  4 frilled lizards
  9 rats
98 creatures vanquished.

Vanquished Creatures (others)
  A goblin (D:4)
  A plant (D:3)
2 creatures vanquished.

Grand Total: 100 creatures vanquished

Notes
Turn   | Place    | Note
-------+----------+-------------------------------------------
     0 | D:1      | Spaninq the Draconian Transmuter began the quest for the
                  | Orb.
     0 | D:1      | Reached XP level 1. HP: 16/16 MP: 3/3
   167 | D:1      | Reached XP level 2. HP: 20/23 MP: 5/5
   488 | D:1      | Learned a level 2 spell: Wereblood
   498 | D:1      | Found a faded altar of an unknown god.
   510 | D:1      | Became a worshipper of Qazlal Stormbringer
   510 | D:1      | Reached * piety under Qazlal
   825 | D:1      | Reached XP level 3. HP: 29/29 MP: 3/6
  1357 | D:2      | Reached ** piety under Qazlal
  1571 | D:2      | Found a glowing golden altar of the Shining One.
  1611 | D:2      | Found Zeihym's General Store.
  1627 | D:2      | Reached skill level 4 in Unarmed Combat
  1698 | D:2      | Reached XP level 4. HP: 10/36 MP: 5/7
  2326 | D:3      | Noticed Jessica
  2330 | D:3      | Killed Jessica
  2351 | D:3      | Found a hide-covered altar of Uskayaw.
  2510 | D:3      | Noticed Robin
  2529 | D:3      | Killed Robin
  2737 | D:3      | Reached XP level 5. HP: 40/44 MP: 4/8
  3583 | D:4      | Found Ycawn's Antique Weapon Shoppe.
  3695 | D:4      | Found an opulent altar of Gozag.
  3695 | D:4      | Found a white marble altar of Elyvilon.
  3722 | D:4      | Found a stormy altar of Qazlal.
  3729 | D:4      | Reached skill level 5 in Unarmed Combat
  3729 | D:4      | Found a faded altar of an unknown god.
  3730 | D:4      | Found a faded altar of an unknown god.
  3952 | D:4      | Reached *** piety under Qazlal
  4027 | D:4      | Noticed Ijyb
  4043 | D:4      | Killed Ijyb
  4044 | D:4      | Reached XP level 6. HP: 21/51 MP: 7/9
  4425 | D:5      | Entered Level 5 of the Dungeon
  4432 | D:5      | Found a staircase to the Ecumenical Temple.
  4446 | D:5      | Noticed a troll
  5036 | D:5      | Killed from afar by an orc priest

Illustrated notes

Levels and vault maps discovered:
D:1:      lemuel_arrival_behind_the_door_large, layout_basic,
          hellmonk_ecumenical_altar_prayer_group
D:2:      layout_loops_ring, basic_altar, serial_shops, nicolae_square_shop,
          minmay_misc_feat_five
D:3:      minmay_general_purpose_star, layout_basic,
          mainiacjoe_overflow_boulevard, uniq_jessica, uniq_robin
D:4:      kennysheep_goblin_castle, layout_loops_cross,
          chequers_temple_overflow_minitemple, serial_shops,
          nicolae_shop_overgrown_old_shop
D:5:      layout_cave_pools, minmay_temple_entry_mini_moons

Skill      XL: |  1  2  3  4  5 |
---------------+----------------+-----
Dodging        | 2 3 |  3.5
Fighting       | 2 3 |  3.8
Unarmed Combat | 4 5 |  5.7
Spellcasting   | |  2.0
Transmutations | |  2.0

Action                   |  1- 3 |  4- 6 || total
-------------------------+-------+-------++-------
Melee: Unarmed           |   115 |   160 ||   275
       Tailslap          |     6 |    17 ||    23
       Kick              |     8 |    36 ||    44
       Headbutt          |     7 |    16 ||    23
       Punch             |     1 |     2 ||     3
 Cast: Beastly Appendage |    18 |    37 ||    55
       Wereblood         |     1 |    19 ||    20
  Use: Scroll            |       |     1 ||     1
Armor: Skin              |    38 |    48 ||    86
Dodge: Dodged            |    50 |    77 ||   127
Block: Other             |     9 |    28 ||    37

Table legend: (Time is in decaauts)
 A = Elapsed time spent in this place.
 B = Non-inter-level travel time spent in this place.
 C = Inter-level travel time spent in this place.
 D = Time resting spent in this place.
 E = Time spent auto-exploring this place.
 F = Levels seen in this place.
 G = Mean time per level.
                   A        B        C        D        E       F      G
               +--------+--------+--------+--------+--------+-----+--------+
         Total |   5019 |   4942 |     77 |    529 |   3422 |   5 | 1003.8 |
       Dungeon |   5019 |   4942 |     77 |    529 |   3422 |   5 | 1003.8 |
               +--------+--------+--------+--------+--------+-----+--------+

Top non-repeatable levels by time:
     D:4: 1615 daAuts
     D:1: 1231 daAuts
     D:2: 1001 daAuts
     D:3: 998 daAuts
     D:5: 172 daAuts
